 Dungeon Crawl Stone Soup version 0.31.0-32-g396128a36d (webtiles) character file.

Game seed: 14250289828702466272

52843 Logoto the Severer (level 14, -6/127 HPs)
             Began as a Hill Orc Berserker on Mar 27, 2024.
             Was a High Priest of Trog.
             Mangled by a warg (7 damage)
             ... on level 2 of the Orcish Mines.
             The game lasted 01:10:52 (21959 turns).

Logoto the Severer (Hill Orc Berserker)            Turns: 21959, Time: 01:10:52

Health: -6/127     AC: 18    Str: 25    XL:     14   Next: 65%
Magic:  14/14      EV: 13    Int:  7    God:    Trog [*****.]
Gold:   1580       SH:  9    Dex: 10    Spells: 13/13 levels left

rFire   . . .        Z - +2 war axe (heavy)
rCold   . . .        (no shield)
rNeg    . . .        T - +4 ring mail
rPois   +            H - +1 hat {Will+}
rElec   .            k - +0 cloak
rCorr   .            W - +0 pair of gloves
SInv    .            (no boots)
Will    ++...        S - amulet of reflection
Stlth   +            I - +4 ring of protection
HPRegen 0.41/turn    w - ring of poison resistance
MPRegen 0.14/turn

%: reflection
@: on berserk cooldown, slowed, very slow
A: large bone plates 1, subdued magic 1
a: Renounce Religion, Berserk, Trog's Hand, Brothers in Arms


You were on level 2 of the Orcish Mines.
You worshipped Trog.
Trog was extremely pleased with you.
You visited 3 branches of the dungeon, and saw 18 of its levels.

You collected 1580 gold pieces.

Inventory:

Hand Weapons
 q - a +2 flail of protection
 r - the +3 great mace of the Pit {speed, Str+6 Dex-3}
   (You found it on level 3 of the Lair of Beasts)

   Str+6:     It affects your strength (+6).
   Dex-3:     It affects your dexterity (-3).
 E - a +0 war axe of venom
 Z - a +2 heavy war axe (weapon)
Missiles
 j - 7 curare-tipped darts (quivered)
 o - 14 poisoned darts
Armour
 a - a +0 scale mail of cold resistance
 k - a +0 cloak (worn)
 p - a +0 tower shield
 H - a +1 hat of willpower (worn)
 N - a +2 ring mail of fire resistance
 T - a +4 ring mail (worn)
 W - a +0 pair of gloves (worn)
Jewellery
 b - a ring of protection from fire
 l - a ring of positive energy
 u - a ring of see invisible
 w - a ring of poison resistance (right hand)
 A - a ring of protection from cold
 I - a +4 ring of protection (left hand)
 K - a ring of flight
 M - a ring of poison resistance
 S - an amulet of reflection (around neck)
Wands
 s - a wand of polymorph (1)
 y - a wand of light (3)
 G - a wand of paralysis (3)
 O - a wand of flame (23)
 P - a wand of roots (13)
Scrolls
 e - 3 scrolls of brand weapon
 f - 6 scrolls of teleportation
 g - a scroll of poison
 h - 3 scrolls of fog
 n - 2 scrolls of fear
 v - a scroll of butterflies
 x - a scroll of silence
 B - a scroll of revelation {unknown}
 L - 2 scrolls of enchant weapon
 R - a scroll of enchant armour
Potions
 c - a potion of cancellation
 d - 2 potions of berserk rage
 i - a potion of haste
 m - 3 potions of lignification
 t - 8 potions of curing
 z - 3 potions of enlightenment
 C - 2 potions of resistance
 D - 2 potions of attraction
 V - 2 potions of degeneration {unknown}
 X - a potion of ambrosia {unknown}


   Skills:
 + Level 12.9 Fighting
 + Level 17.0(17.7) Axes
 + Level 6.6(11.5) Maces & Flails
 + Level 0.7 Throwing
 + Level 9.2 Armour
 + Level 6.7 Dodging
 + Level 3.3 Stealth
 + Level 15.0 Shields
 + Level 1.3 Unarmed Combat


You had 13 spell levels left.
You didn't know any spells.
Your spell library was empty.

Dungeon Overview and Level Annotations

Branches:
Dungeon (11/15)            Temple (0/1) D:7            Lair (5/5) D:8
 Shoals (0/4) Lair:2       Spider (0/4) Lair:3        Slime (0/5) Lair:4
    Orc (2/2) D:10            Elf (0/3) Orc:2

Altars:
Dithmenos
Elyvilon
Kikubaaqudgha
Makhleb
Nemelex Xobeh
Okawaru
Qazlal
Ru
Uskayaw
Yredelemnul
Jiyva

Shops:
D:7 :   Orc:2 [

Annotations:
D:6 3 runed translucent doors, yaksman's ghost, novice GnFi
Lair:3 exclusion: oklob plant


Innate Abilities, Weirdness & Mutations

You are partially covered in large bone plates. (SH +4)
Your spells are a little easier to cast, but a little less powerful.


Message History

The warg attacks as it pursues you! The warg barely misses you.
You feel your anger nearly subside. The warg attacks as it pursues you!
The warg bites you but does no damage.
You are no longer berserk.
You are exhausted.
You feel yourself slow down. The warg attacks as it pursues you!
You block the warg's attack. The warg bites you!
* * * LOW HITPOINT WARNING * * *
The warg closely misses you. The warg bites you but does no damage.
The warg attacks as it pursues you! The warg bites you but does no damage.
The warg misses you. The warg bites you!
* * * LOW HITPOINT WARNING * * *
The warg attacks as it pursues you! The warg bites you!
* * * LOW HITPOINT WARNING * * *
You block the warg's attack. The warg bites you but does no damage.
You feel much better. You block the warg's attack. The warg bites you.
* * * LOW HITPOINT WARNING * * *
The warg bites you!
* * * LOW HITPOINT WARNING * * *
The warg bites you.
* * * LOW HITPOINT WARNING * * *
The ogre attacks as it pursues you! The ogre barely misses you.
The warg completely misses you. You block the warg's attack.
The ogre closely misses you. You block the warg's attack. The warg bites you!
* * * LOW HITPOINT WARNING * * *
You feel better. The ogre completely misses you. You block the warg's attack.
The warg bites you.
* * * LOW HITPOINT WARNING * * *
The ogre mage casts a spell.
The ogre mage flickers and vanishes!
Deactivating autopickup; reactivate with Ctrl-A.
You block the warg's attack. The warg barely misses you.
The warg closely misses you. The warg bites you!
* * * LOW HITPOINT WARNING * * *
You block the warg's attack. The warg bites you!
You die...

.###.......#.......#.#........##.
.#...............................
.#.......................###.....
......#........###.......# ##....
.....####......#####.....####....
.....##.#.......#........##.#....
.....##......)([............#.)..
..........###[[).O..##........##.
.#........# #.).@h.o.o.........##
###.......#####[.h.#...)......###
.#......>.##...........).......##
.....o....#......#.....).......##
.....#........##.#....∩....##....
....o##.......####........##.....
....)###.......# #....#..## .....
....o####.....## ###.##.## .#...
.......###...## #.#### #...


You could see 2 wargs, an ogre and 2 orcs.

Vanquished Creatures
  Jorgrun (Orc:1)
  An orc warlord (D:10)
  2 hydras
  A catoblepas (Lair:5)
  A boulder beetle (Lair:3)
  A centaur warrior (D:9)
  2 two-headed ogres
  5 death yaks (Lair:5)
  A tengu warrior (D:10)
  An orc high priest (Orc:1)
  A deep troll shaman (Lair:5)
  A pharaoh ant (Lair:3)
  An orc knight (Orc:1)
  An ugly thing (D:9)
  A deep elf pyromancer (D:9)
  Pikel (D:4)
  An orc sorcerer (Orc:1)
  3 cyclopes
  9 elephants
  A kobold blastminer (Orc:1)
  A merfolk siren (Lair:2)
  5 black mambas
  A gargoyle (D:10)
  Jeremiah (D:8)
  9 cane toads
  A yaktaur (D:9)
  2 rime drakes
  Psyche (D:8)
  5 komodo dragons
  5 trolls
  4 polar bears
  2 hornets
  20 blink frogs
  A jumping spider (Lair:3)
  5 wyverns
  52 yaks
  6 basilisks
  A wraith (D:9)
  A steam dragon (D:6)
  8 wargs
  4 vampire mosquitoes (D:9)
  2 acid dragons (D:9)
  15 water moccasins
  An ice beast (D:6)
  17 orc warriors
  10 black bears
  2 sky beasts
  4 ogres
  24 wolves
  2 phantoms
  4 centaurs
  2 kobold brigands (D:7)
  10 bullfrogs
  4 scorpions
  2 gnoll sergeants
  4 necrophages (Lair:2)
  2 electric eels (D:8)
  5 jellies
  9 hounds
  3 bombardier beetles
  A gnoll bouda (D:6)
  18 orc priests
  5 iguanas
  2 sleepcaps
  13 orc wizards
  9 gnolls
  3 adders
  2 white imps
  A howler monkey simulacrum (D:9)
  2 ufetubi (D:5)
  A dart slug (D:3)
  A ribbon worm (D:2)
  76 orcs
  12 endoplasms
  3 giant cockroaches
  2 goblins (D:1)
  8 hobgoblins
  5 jackals
  A quokka (D:4)
  2 ball pythons (D:1)
  2 bats (D:3)
  A frilled lizard (D:3)
  13 kobolds
  4 rats
480 creatures vanquished.

Notes
Turn   | Place    | Note
-------+----------+-------------------------------------------
     0 | D:1      | Logoto the Hill Orc Berserker began the quest for the Orb.
     0 | D:1      | Reached XP level 1. HP: 19/19 MP: 1/1
   117 | D:1      | Reached XP level 2. HP: 23/27 MP: 2/2
   741 | D:2      | Reached XP level 3. HP: 27/34 MP: 3/3
  1008 | D:2      | You fall into a shaft and drop 1 floor!
  1251 | D:2      | Found a sparkling altar of Nemelex Xobeh.
  1564 | D:2      | Reached XP level 4. HP: 41/41 MP: 4/4
  1754 | D:3      | Reached ** piety under Trog
  2125 | D:4      | Noticed Pikel
  2126 | D:4      | Noticed a lemure
  2127 | D:4      | Noticed a lemure
  2128 | D:4      | Noticed a lemure
  2133 | D:4      | Noticed a lemure
  2140 | D:4      | Killed Pikel
  2141 | D:4      | Reached skill level 5 in Fighting
  2141 | D:4      | Reached skill level 7 in Axes
  2141 | D:4      | Reached skill level 1 in Stealth
  2141 | D:4      | Reached skill level 1 in Shields
  2141 | D:4      | Reached XP level 5. HP: 27/50 MP: 5/5
  2141 | D:4      | Reached XP level 6. HP: 30/57 MP: 6/6
  2141 | D:4      | Reached XP level 7. HP: 33/62 MP: 7/7
  2804 | D:5      | Entered Level 5 of the Dungeon
  2962 | D:5      | Reached skill level 1 in Maces & Flails
  3317 | D:5      | Found a burning altar of Makhleb.
  3494 | D:5      | Reached XP level 8. HP: 60/70 MP: 8/8
  3836 | D:5      | Identified the ring "Hiemisis" {Ice *Corrode rElec Will+
                  | Int+9}
  4275 | D:6      | Gained mutation: Your spells are a little easier to cast,
                  | but a little less powerful. [potion of mutation]
  4275 | D:6      | Gained mutation: You are partially covered in large bone
                  | plates. (SH +4) [potion of mutation]
  4471 | D:6      | Found a runed translucent gate.
  4500 | D:6      | Noticed yaksman's ghost (novice GnFi)
  4501 | D:6      | Found a runed translucent gate.
  4501 | D:6      | Found a runed translucent gate.
  4586 | D:6      | Reached skill level 5 in Maces & Flails
  4600 | D:6      | Reached skill level 8 in Axes
  4613 | D:6      | Reached XP level 9. HP: 38/78 MP: 9/9
  4965 | D:6      | Found a white marble altar of Elyvilon.
  5274 | D:7      | Found a staircase to the Ecumenical Temple.
  5323 | D:7      | Reached skill level 9 in Axes
  5328 | D:7      | Reached skill level 5 in Shields
  5365 | D:7      | Found Kiafotube's Book Shop.
  5682 | D:7      | Identified the +6 long sword "Kullu" {venom, rElec rC+}
  5758 | D:7      | Reached skill level 5 in Armour
  5974 | D:8      | Noticed a troll
  6051 | D:8      | Killed a troll
  6052 | D:8      | Reached skill level 10 in Axes
  6164 | D:8      | Reached XP level 10. HP: 79/86 MP: 10/10
  6217 | D:8      | Found a basalt altar of Yredelemnul.
  6217 | D:8      | Found an ancient bone altar of Kikubaaqudgha.
  6351 | D:8      | Found a sacrificial altar of Ru.
  6469 | D:8      | Noticed Jeremiah
  6728 | D:8      | Killed Jeremiah
  6729 | D:8      | Reached skill level 11 in Axes
  6844 | D:8      | Found a staircase to the Lair.
  7003 | D:8      | Noticed Psyche
  7016 | D:8      | Killed Psyche
  7761 | D:9      | Noticed a centaur warrior
  7770 | D:9      | Killed a centaur warrior
  7817 | D:9      | Noticed a two-headed ogre
  7825 | D:9      | Killed a two-headed ogre
  7826 | D:9      | Reached skill level 12 in Axes
  7826 | D:9      | Reached skill level 1 in Unarmed Combat
  7889 | D:9      | Noticed a cyclops
  7895 | D:9      | Killed a cyclops
  7896 | D:9      | Reached XP level 11. HP: 94/94 MP: 11/11
  7985 | D:9      | Noticed a cyclops
  7990 | D:9      | Killed a cyclops
  7992 | D:9      | Noticed a green ugly thing
  8008 | D:9      | Killed a green ugly thing
  8768 | D:9      | Noticed a deep elf pyromancer
  8775 | D:9      | Killed a deep elf pyromancer
  9061 | D:10     | Entered Level 10 of the Dungeon
  9076 | D:10     | Reached skill level 13 in Axes
  9242 | D:10     | Found a hide-covered altar of Uskayaw.
  9266 | D:10     | Found a staircase to the Orcish Mines.
  9570 | D:10     | Found an iron altar of Okawaru.
  9704 | D:10     | Noticed a tengu warrior
  9732 | D:10     | Killed a tengu warrior
  9868 | D:10     | Found a stormy altar of Qazlal.
  9905 | D:10     | Reached skill level 10 in Shields
 10046 | D:10     | Found a shadowy altar of Dithmenos.
 10410 | Lair:1   | Entered Level 1 of the Lair of Beasts
 10428 | Lair:1   | Reached XP level 12. HP: 104/104 MP: 12/12
 10443 | Lair:1   | Reached skill level 5 in Dodging
 10672 | Lair:1   | Reached skill level 14 in Axes
 10850 | Lair:1   | Reached *** piety under Trog
 10996 | Lair:1   | Noticed a five-headed hydra
 11005 | Lair:1   | Killed a five-headed hydra
 11332 | Lair:1   | Reached skill level 10 in Fighting
 11825 | Lair:1   | Reached skill level 15 in Axes
 13437 | Lair:2   | Found a staircase to the Shoals.
 13526 | Lair:1   | Reached XP level 13. HP: 110/114 MP: 13/13
 13591 | Lair:2   | Reached **** piety under Trog
 14014 | Lair:3   | Found a hole to the Spider Nest.
 14076 | Lair:3   | Reached skill level 16 in Axes
 14885 | Lair:3   | Identified the +3 great mace of the Pit {speed, Str+6
                  | Dex-3}
 15293 | Lair:4   | Found a viscous altar of Jiyva.
 15294 | Lair:4   | Found a staircase to the Slime Pits.
 16235 | Lair:5   | Entered Level 5 of the Lair of Beasts
 16535 | Lair:5   | Reached XP level 14. HP: 125/125 MP: 14/14
 16535 | Lair:5   | Reached ***** piety under Trog
 17217 | Lair:5   | Identified the +12 falchion "Bicwof" {flame, Stlth+}
 18258 | Orc:1    | Entered Level 1 of the Orcish Mines
 18616 | Orc:2    | Entered Level 2 of the Orcish Mines
 18938 | Orc:1    | Noticed Jorgrun
 18984 | Orc:1    | Noticed an orc warlord
 19044 | D:10     | Killed an orc warlord
 19539 | Orc:1    | Killed Jorgrun
 20396 | Orc:2    | Found Cejodgh's Armour Boutique.
 20685 | Orc:2    | Found a staircase to the Elven Halls.
 20857 | Orc:2    | Reached skill level 17 in Axes
 21811 | Orc:1    | Reached skill level 15 in Shields
 21959 | Orc:2    | HP: 1/127 [warg (10)]
 21959 | Orc:2    | Mangled by a warg

Illustrated notes

Levels and vault maps discovered:
D:1:      kennysheep_arrival_forest, layout_rooms
D:2:      layout_basic, basic_altar
D:3:      layout_basic
D:4:      layout_loops_ring, uniq_pikel
D:5:      layout_basic, makhleb_heckhound_becter,
          chequers_serial_rivers_large_a, st_stairs_9
D:6:      layout_rooms, mainiacjoe_overflow_alcove_2,
          gammafunk_ghost_nasty_kobolds, minmay_fractal_squares_gapless_5
D:7:      layout_basic, minmay_temple_entry_antechambers, serial_corexii_hall,
          chequers_hall_statues_y, corexii_hall_statues_x,
          corexii_hall_statues_l, chequers_hall_statues_wall_a, serial_shops,
          kennysheep_mini_moat
D:8:      layout_loops_ring, grunt_temple_overflow_open, erik_lair_island,
          uniq_psyche, uniq_jeremiah
D:9:      layout_basic, minmay_evil_grid
D:10:     layout_basic, mainiacjoe_overflow_brackets, grunt_dithmenos_smoke,
          nicolae_overflow_crystal_walls, mainiacjoe_overflow_alcove_1,
          orc_0_dummy, kennysheep_generic_room_14
D:11:     minmay_the_grid_square_5x5_4x4_mashed
          [minmay_the_grid_square_5x5_inner_z, minmay_the_grid_square_5x5_meh,
          minmay_the_grid_square_5x5_gyroscope,
          minmay_the_grid_square_5x5_spiral, minmay_the_grid_square_5x5_inset,
          minmay_the_grid_square_5x5_prize_junk,
          minmay_the_grid_square_5x5_prize_waves,
          minmay_the_grid_square_5x5_shrine1,
          minmay_the_grid_square_5x5_shuriken,
          minmay_the_grid_square_5x5_prize_deathbox,
          minmay_the_grid_square_5x5_prize_snowflake,
          minmay_the_grid_square_5x5_tie,
          minmay_the_grid_square_5x5_eight_small,
          minmay_the_grid_square_5x5_two_walls_b,
          minmay_the_grid_square_5x5_hollow_slash,
          minmay_the_grid_square_5x5_slash], layout_small_grid, serial_shops,
          shop, special_room [special_room_orc], chequers_serial_rivers_small_a
Lair:1:   layout_cave_pods, gauntlet_entry_generic, lemuel_fruit_fields,
          lemuel_fruit_fields, serial_bayou_shore_a, grunt_megastairs_3,
          infiniplex_staircase_pool
Lair:2:   layout_concentric_octagons, minmay_shoals_entry_lonely_mermaid,
          roderic_carrion_pond, grunt_megastairs_4
Lair:3:   layout_gridlike, nicolae_spider_entry_lesser_pyramids,
          beast_lair_carwin_8, lemuel_fruit_fields
Lair:4:   layout_regular_city, nicolae_slime_entry_slimehenge
Lair:5:   grunt_lair_end_beastmaster, layout_regular_city, serial_rivers,
          chequers_serial_rivers_large_b, chequers_serial_rivers_marsh,
          chequers_serial_rivers_marsh, chequers_serial_rivers_micro_e,
          serial_bayou_shore_b
Orc:1:    layout_caves, uniq_jorgrun
Orc:2:    st_orc_town, layout_diamond_mine, serial_shops, shop

Skill      XL: |  1  2  3  4  5  6  7  8  9 10 11 12 13 14 |
---------------+-------------------------------------------+-----
Fighting       | 4 5 6 7 8 9 10 11 12 | 12.9
Axes           | 7 8 10 12 13 15 16 17 | 17.0
Dodging        | 2 3 4 5 6 |  6.7
Stealth        | 1 2 3 |  3.3
Shields        | 1 3 5 7 10 12 14 15 | 15.0
Maces & Flails | 2 5 6 |  6.6
Armour         | 4 5 6 7 8 9 |  9.2
Unarmed Combat | 1 |  1.3
Throwing       | |  0.7

Action                     |  1- 3 |  4- 6 |  7- 9 | 10-12 | 13-15 || total
---------------------------+-------+-------+-------+-------+-------++-------
  Melee: Hand axe          |    96 |    34 |   208 |   368 |       ||   706
         Punch             |     1 |       |       |       |     6 ||     7
         Whip              |       |       |   140 |       |       ||   140
         Unarmed           |       |       |       |     8 |       ||     8
         War axe           |       |       |       |   309 |   524 ||   833
         Flail             |       |       |       |     5 |       ||     5
         Great mace        |       |       |       |       |    32 ||    32
  Throw: Dart              |       |     3 |       |       |       ||     3
 Invoke: Berserk           |     3 |     1 |    18 |    25 |    24 ||    71
    Use: Scroll            |       |       |     7 |    12 |     5 ||    24
         Potion            |       |       |     4 |     2 |     7 ||    13
 Armour: Animal skin       |    45 |    17 |    21 |       |       ||    83
         Scale mail        |       |       |   144 |    99 |       ||   243
         Skin              |       |       |       |     3 |       ||     3
         Ring mail         |       |       |       |    95 |   392 ||   487
  Dodge: Dodged            |    56 |    12 |    79 |    80 |   235 ||   462
  Block: Tower shield      |     3 |    17 |   251 |   595 |   545 ||  1411
         Reflection        |       |       |       |     7 |    13 ||    20
         Other             |       |       |       |       |   134 ||   134
